 Dungeon Sprint DCSS version 0.30-a0-1112-gfb780f5df6 (webtiles) character file.

Game seed: 11343983222660104184

299388 123456 the Conqueror (level 18, -3/200 HPs)
             Began as a Minotaur Fighter on Apr 19, 2023.
             Was an Initiate of Gozag.
             Slain by an azure jelly (15 damage)
             ... created by the Royal Jelly
             ... in the Dungeon (Sprint IX: "|||||||||||||||||||||||||||||").
             The game lasted 00:26:12 (6592 turns).

123456 the Conqueror (Minotaur Fighter)             Turns: 6592, Time: 00:26:12

Health: -3/200     AC: 15    Str: 26      XL:     18   Next: 1%
Magic:  26/26      EV: 24    Int:  5 (6)  God:    Gozag
Gold:   14721      SH:  0    Dex: 19      Spells: 17/17 levels left

rFire   + + +      SeeInvis .    A - +8 great mace (drain)
rCold   . . .      Faith    .    (shield currently unavailable)
rNeg    . . .      Spirit   .    K - +3 plate armour "Ilemoseh" {rElec Regen+ MP+9 Int-4}
rPois   +          Reflect  .    (helmet restricted)
rElec   +          Rampage  .    E - +2 cloak of Day {Regen+ Str-5 Int+2}
rCorr   .          NoTele   +    D - +0 pair of fencer's gloves {Riposte Dex+3}
Will    ++...                    C - +1 pair of boots of Foolhardiness {Contam rPois rF+++ Dex+4}
Stlth   ++++++                   U - amulet of Nalu {rElec Regen+}
HPRegen 2.93/turn                Y - ring "Kolodd" {Will+ Str+3 Int+3 Slay+2}
MPRegen 0.20/turn                W - ring of Elyvilon's Delight {AC+3 Str+3 Stlth+}

@: corroded, gold aura, unable to drink
A: horns 2, retaliatory headbutt, iridescent scales 1, clumsy 1, deterioration
1, electricity resistance, subdued magic 1, inability to drink after injury 2,
inability to read after injury 1
}: 6/17 runes: decaying, serpentine, barnacled, elven, silver, gossamer
a: Renounce Religion, Potion Petition, Call Merchant, Bribe Branch


You were in the Dungeon.
You worshipped Gozag.
Gozag was extremely pleased with you.
You visited 1 branch You collected 41090 gold pieces.
You spent 5155 gold pieces at shops.
You paid 21214 gold pieces to Gozag.

Inventory:

Hand Weapons
 A - a +8 great mace of draining (weapon)
Missiles
 P - 7 javelins (quivered)
 R - a silver javelin
Armour
 a - a +2 pair of gloves
 c - a +2 pair of boots
 n - the +5 plate armour "Ikui" {rF+ Int-4 Dex+2}
   (You bought it in a shop in the Dungeon)

   Int:       It affects your intelligence (-4).
   Dex:       It affects your dexterity (+2).
   rF:        It protects you from fire.
 u - a +3 plate armour
 B - the +2 cloak of Maysyg {Int+4}
   (You bought it in a shop in the Dungeon)

   Int:       It affects your intelligence (+4).
 C - the +1 pair of boots of Foolhardiness (worn) {Contam rPois rF+++ Dex+4}
   (You bought it in a shop in the Dungeon)

   Dex:       It affects your dexterity (+4).
   rF:        It renders you almost immune to fire.
   rPois:     It protects you from poison.
   Contam:    It causes magical contamination when unequipped.
 D - the +0 pair of fencer's gloves (worn) {Riposte Dex+3}
   (You bought it in a shop in the Dungeon)

   Riposte:   It allows the wearer to riposte with melee weapons, swiftly
   retaliating against missed or blocked melee attacks.
   Dex:       It affects your dexterity (+3).
 E - the +2 cloak of Day (worn) {Regen+ Str-5 Int+2}
   (You bought it in a shop in the Dungeon)

   Str:       It affects your strength (-5).
   Int:       It affects your intelligence (+2).
   Regen:     It increases your rate of health regeneration.
 K - the +3 plate armour "Ilemoseh" (worn) {rElec Regen+ MP+9 Int-4}
   (You found it in the Dungeon)

   Int:       It affects your intelligence (-4).
   rElec:     It insulates you from electricity.
   MP:        It affects your magic capacity (+9).
   Regen:     It increases your rate of health regeneration.
Jewellery
 b - a ring of ice
 p - a +2 ring of protection
 q - a +3 ring of dexterity
 w - an amulet of reflection
 x - a ring of willpower
 y - a ring of ice
 z - a ring of willpower
 F - a +6 ring of strength
 G - a +6 ring of dexterity
 H - a +2 ring of slaying
 I - an amulet of magic regeneration
 J - a +4 ring of protection
 Q - a ring of protection from cold
 U - the amulet of Nalu (around neck) {rElec Regen+}
   (You found it in the Dungeon)

   [amulet of regeneration]

   rElec:     It insulates you from electricity.
   Regen:     It increases your rate of health regeneration.
 V - the ring "Ziovaet" {rElec rPois rF+ Slay+2 Stlth-}
   (You found it in the Dungeon)

   [ring of protection from fire]

   Slay:      It affects your accuracy & damage with ranged weapons and melee
   (+2).
   rF:        It protects you from fire.
   rElec:     It insulates you from electricity.
   rPois:     It protects you from poison.
   Stlth:     It makes you less stealthy.
 W - the ring of Elyvilon's Delight (right hand) {AC+3 Str+3 Stlth+}
   (You found it in the Dungeon)

   [ring of protection]

   AC:        It affects your AC (+3).
   Str:       It affects your strength (+3).
   Stlth:     It makes you more stealthy.
 X - the ring of Youthful Indiscretion {Fly rN+ rCorr}
   (You found it in the Dungeon)

   [ring of resist corrosion]

   rN:        It protects you from negative energy.
   Fly:       It grants you flight.
   rCorr:     It protects you from acid and corrosion.
 Y - the ring "Kolodd" (left hand) {Will+ Str+3 Int+3 Slay+2}
   (You found it in the Dungeon)

   [ring of willpower]

   Str:       It affects your strength (+3).
   Int:       It affects your intelligence (+3).
   Slay:      It affects your accuracy & damage with ranged weapons and melee
   (+2).
   Will:      It increases your willpower.
Wands
 m - a wand of quicksilver (10)
 S - a wand of iceblast (4)
Scrolls
 j - 8 scrolls of blinking
 l - 2 scrolls of amnesia
 s - 2 scrolls of fog
 t - 3 scrolls of fear
 L - 6 scrolls of enchant armour
 N - a scroll of magic mapping {unknown}
 O - a scroll of vulnerability {unknown}
 Z - 2 scrolls of identify
Potions
 d - 5 potions of might
 e - 6 potions of curing
 f - 11 potions of heal wounds
 g - 7 potions of haste
 h - 9 potions of magic
 i - 3 potions of berserk rage
 k - a potion of invisibility
 o - 3 potions of brilliance
 T - 2 potions of ambrosia {unknown}
Miscellaneous
 r - a piece from Xom's chessboard (15/15)
 v - a box of beasts
 M - a lightning rod (4/4)


   Skills:
 O Level 27 Fighting
 O Level 27 Maces & Flails
 O Level 27 Throwing
 O Level 27 Armour
 O Level 27 Dodging
 O Level 27 Stealth
 + Level 3.6 Shields
 + Level 7.8 Evocations


You had 17 spell levels left.
You didn't know any spells.
Your spell library contained the following spells:

 Spells                   Type           Power      Damage    Failure   Level
 Static Discharge         Conj/Air       0%         2-2/arc   92%         2
 Airstrike                Air            0%         2d(0-16)  100%        4
 Summon Lightning Spire   Summ/Air       0%         N/A       100%        4


Dungeon Overview and Level Annotations

Branches:
Dungeon (1/1)

Altars:
Cheibriados
Dithmenos
Elyvilon
Fedhas
Gozag
Hepliaklqana
Kikubaaqudgha
Makhleb
Nemelex Xobeh
Okawaru
Qazlal
Ru
Sif Muna
Trog
Uskayaw
Vehumet
Wu Jian
Xom
Yredelemnul
Zin
The Shining One
Jiyva
Lugonu

Shops:
D *((*[*[?[*=[

Annotations:
D Royal Jelly, Rupert


Innate Abilities, Weirdness & Mutations

You have a pair of horns on your head.
You reflexively headbutt those who attack you in melee.
You are partially covered in iridescent scales. (AC +2)
You are clumsy. (Dex -2)
Your body sometimes deteriorates upon taking damage.
You are resistant to electric shocks. (rElec)
Your spells are a little easier to cast, but a little less powerful.
You sometimes lose the ability to drink potions when taking damage.
You occasionally lose the ability to read scrolls when taking damage.


Message History

The azure jelly barely misses you.
You hammer the azure jelly like a gong!!!
You headbutt the azure jelly.
You kill the azure jelly!
Your Evocations skill increases to level 7!
You have reached level 18!
You bludgeon the Royal Jelly!!
Your hands burn!
The Royal Jelly is lightly wounded.
The Royal Jelly shudders violently.
The Royal Jelly spits out three more jellies.
The Royal Jelly jiggles.
The Royal Jelly closely misses you. You furiously retaliate!
You headbutt the Royal Jelly!
The Royal Jelly shudders.
The Royal Jelly spits out another jelly.
The Royal Jelly hits you. The acid corrodes you!
You are splashed with acid!
* * * LOW HITPOINT WARNING * * *
Unknown command.
You barely miss the Royal Jelly.
You headbutt the Royal Jelly, but do no damage.
The Royal Jelly is lightly wounded.
The Royal Jelly hits you!!
You feel threatened and lose the ability to drink potions!
* * * LOW HITPOINT WARNING * * *
Your body deteriorates!
You feel dopey. The acid corrodes you!
You are splashed with acid.
* * * LOW HITPOINT WARNING * * *
The Royal Jelly hits you!
* * * LOW HITPOINT WARNING * * *
You are splashed with acid.
* * * LOW HITPOINT WARNING * * *
[a] - 176 gold - might and brilliance [b] - 264 gold - curing and magic [c] - 650 gold - lignification, might, resistance, heal wounds and curing Purchase which effect?
You feel better. Magic courses through your body.
The azure jelly closely misses you. The azure jelly hits you.
* * * LOW HITPOINT WARNING * * *
The azure jelly freezes you!
You die...
Your body crumbles into a pile of gold.

▓▓▓▓▓▓▓▓▓▓▓▓▓▓▓▓▓▓▓▓▓▓▓▓
.JJJJJJ@JJ..$$'.).))).))
▓▓▓▓▓▓▓▓▓▓▓▓▓▓▓▓▓▓▓▓▓▓▓▓▓▓▓▓▓▓▓▓▓
.................................
▓▓▓▓▓▓▓▓▓▓▓▓▓▓▓▓▓▓▓▓▓▓▓▓▓▓▓▓▓▓▓▓▓
'.......0......'..............'.'
▓▓▓▓▓▓▓▓▓▓▓▓▓▓▓▓▓▓▓▓▓▓▓▓▓▓▓▓▓▓▓▓▓
.................................
▓▓▓▓▓▓▓▓▓▓▓▓▓▓▓▓▓▓▓▓▓▓▓▓▓▓▓▓▓▓▓▓▓
..'..).)..).'.)).)).))'....))[)[.


You could see the Royal Jelly, 2 acid blobs, an azure jelly and 4 rockslimes.

Vanquished Creatures
  4 orbs of fire (D)
  2 ancient liches (D)
  Sojobo (D)
  Frederick (D)
  3 Killer Klowns (D)
  Boris (D)
  A caustic shrike (D)
  4 golden dragons (D)
  An electric golem (D)
  A tentacled monstrosity (D)
  5 acid blobs (D)
  3 deep elf master archers (D)
  A deep elf blademaster (D)
  26 Orb Guardians (D)
  3 quicksilver dragons (D)
  A tengu reaver (D)
  3 shadow dragons (D)
  A death cob (D)
  7 storm dragons (D)
  A fire giant (D)
  4 nagarajas (D)
  2 rockslimes (D)
  2 azure jellies (D)
  2 draconian knights (D)
  5 emperor scorpions (D)
  A vault warden (D)
  A frost giant (D)
  A draconian shifter (D)
  A draconian stormcaller (D)
  A stone giant (D)
  2 very ugly things (D)
  A green draconian (D)
  A vampire knight (D)
  3 white draconians (D)
  2 purple draconians (D)
  4 yellow draconians (D)
  4 deep elf demonologists (D)
  3 black draconians (D)
  A spark wasp (D)
  3 red draconians (D)
  A bunyip (D)
  An ettin (D)
  A deep elf death mage (D)
  A yaktaur captain (D)
  6 fire dragons (D)
  5 vault guards (D)
  A great orb of eyes (D)
  8 hydras (D)
  5 ice dragons (D)
  An alligator snapping turtle (D)
  A centaur warrior (D)
  An anaconda (D)
  An alligator (D)
  A naga warrior (D)
  2 two-headed ogres (D)
  A deep troll earth mage (D)
  5 hell knights (D)
  A skyshark (D)
  A sea snake (shapeshifter) (D)
  A goliath frog (D)
  3 lindwurms (D)
  8 swamp dragons (D)
  A naga ritualist (D)
  A wizard (D)
  4 ugly things (D)
  A wolf spider (D)
  2 manticores (D)
  4 moths of wrath (D)
  A guardian serpent (D)
  3 black mambas (D)
  A naga mage (D)
  A cane toad (shapeshifter) (D)
  Psyche (D)
  3 cane toads (D)
  A rime drake (D)
  A tengu conjurer (D)
  3 komodo dragons (D)
  4 tyrant leeches (D)
  A hornet (D)
  A wind drake (D)
  A hornet (shapeshifter) (D)
  A blink frog (D)
  A slime creature (D)
  3 spriggans (D)
  2 jumping spiders (D)
  4 wraiths (D)
  A yak (D)
  A fire elemental (D)
  2 redbacks (D)
  Grum (D)
  A naga (D)
  4 water moccasins (D)
  A hell hound (D)
  A floating eye (D)
  6 orc warriors (D)
  A swamp drake (D)
  A black bear (D)
  An ogre (D)
  4 wolves (D)
  2 centaurs (D)
  A phantom (D)
  2 bullfrogs (D)
  A killer bee (D)
  3 orc wizards (D)
  2 worms (D)
  6 orcs (D)
  An endoplasm (D)
  A goblin (D)
  A hobgoblin (D)
  A kobold (D)
  A quokka (D)
263 creatures vanquished.

Vanquished Creatures (collateral kills)
  Margery (D)
  A bone dragon (D)
  A deep elf blademaster (D)
  2 quicksilver dragons (D)
  A sphinx (D)
  A tengu reaver (D)
  2 shadow dragons (D)
  A draconian monk (D)
  An emperor scorpion (D)
  A nagaraja (D)
  A frost giant (D)
  A draconian knight (D)
  A ghost moth (D)
  A draconian stormcaller (D)
  A vault warden (D)
  A draconian annihilator (D)
  2 very ugly things (D)
  A draconian shifter (D)
  2 stone giants (D)
  A vampire knight (D)
  A red draconian (D)
  A deep elf annihilator (D)
  2 purple draconians (D)
  Azrael (D)
  A spark wasp (D)
  An entropy weaver (D)
  A fire dragon (D)
  10 vault guards (D)
  2 yaktaur captains (D)
  2 great orbs of eyes (D)
  2 ice dragons (D)
  A centaur warrior (D)
  A hydra (D)
  2 ogre magi (D)
  A merfolk avatar (D)
  3 merfolk aquamancers (D)
  An ironbound frostheart (D)
  3 deep troll shamans (D)
  A pharaoh ant (D)
  A sea snake (D)
  A steelbarb worm (D)
  A necromancer (D)
  3 wolf spiders (D)
  An ugly thing (D)
  2 guardian serpents (D)
  3 moths of wrath (D)
  A naga mage (D)
  A vault sentinel (D)
  2 trolls (D)
  A jumping spider (D)
  A slime creature (D)
  4 spriggans (D)
  A culicivora (D)
  A fire elemental (D)
  A naga (D)
  An orc warrior (D)
  A boggart (D)
88 creatures vanquished.

Vanquished Creatures (others)
  2 ancient liches (D)
  Mara (D)
  Jory (D)
  A deep elf blademaster (D)
  Frances (D)
  2 sphinxes (D)
  2 shadow dragons (D)
  A nagaraja (D)
  A frost giant (D)
  A fire giant (D)
  Ilsuiw (D)
  A deep elf sorcerer (D)
  4 vault wardens (D)
  A draconian annihilator (D)
  A stone giant (D)
  2 vampire knights (D)
  A deep elf annihilator (D)
  A yellow draconian (D)
  2 merfolk impalers (D)
  A deep elf death mage (D)
  A purple draconian (D)
  2 merfolk javelineers (D)
  An ettin (D)
  A yaktaur captain (D)
  2 deep elf high priests (D)
  An ice dragon (D)
  10 vault guards (D)
  A rakshasa (D)
  An ogre mage (D)
  6 merfolk aquamancers (D)
  A deep troll earth mage (D)
  A spriggan berserker (D)
  2 vampire magi (D)
  2 naga warriors (D)
  A hell knight (D)
  3 deep trolls (D)
  A glowing orange brain (D)
  A flayed ghost (D)
  3 ironbound convokers (D)
  An orc knight (D)
  A cyclops (D)
  2 vault sentinels (D)
  A yaktaur (shapeshifter) (D)
  A troll (D)
  2 wind drakes (D)
  A hornet (D)
  6 spriggans (D)
  A naga (D)
  A hell hound (D)
  2 orc warriors (D)
  A boggart (D)
  2 orcs (D)
91 creatures vanquished.

Grand Total: 442 creatures vanquished

Notes
Turn   | Place    | Note
-------+----------+-------------------------------------------
     0 | D        | 123456 the Minotaur Fighter began the quest for the Orb.
     0 | D        | Reached XP level 1. HP: 19/19 MP: 0/0
    10 | D        | Reached skill level 1 in Dodging
    22 | D        | Noticed a water moccasin
    22 | D        | Noticed a black bear
    22 | D        | Noticed a phantom
    22 | D        | Noticed an ogre
    27 | D        | Killed an ogre
    28 | D        | Reached skill level 5 in Armour
    28 | D        | Reached XP level 2. HP: 34/34 MP: 1/1
    28 | D        | Reached XP level 3. HP: 39/39 MP: 2/2
    28 | D        | Reached XP level 4. HP: 47/47 MP: 3/3
    35 | D        | Killed a phantom
    36 | D        | Reached XP level 5. HP: 35/53 MP: 4/4
    40 | D        | Killed a black bear
    41 | D        | Reached skill level 5 in Dodging
    46 | D        | Killed a water moccasin
    47 | D        | Reached skill level 10 in Fighting
    47 | D        | Reached XP level 6. HP: 31/66 MP: 5/5
   169 | D        | Found a snail-covered altar of Cheibriados.
   169 | D        | Found a shadowy altar of Dithmenos.
   169 | D        | Found a white marble altar of Elyvilon.
   169 | D        | Found a blossoming altar of Fedhas.
   169 | D        | Found an opulent altar of Gozag.
   170 | D        | Found a hazy altar of Hepliaklqana.
   171 | D        | Found a viscous altar of Jiyva.
   172 | D        | Found an ancient bone altar of Kikubaaqudgha.
   173 | D        | Found a corrupted altar of Lugonu.
   174 | D        | Found a burning altar of Makhleb.
   175 | D        | Found a sparkling altar of Nemelex Xobeh.
   176 | D        | Found an iron altar of Okawaru.
   177 | D        | Became a worshipper of Gozag Ym Sagoz the Greedy
   178 | D        | Found a stormy altar of Qazlal.
   179 | D        | Found a sacrificial altar of Ru.
   180 | D        | Found a shimmering blue altar of Sif Muna.
   181 | D        | Found a bloodstained altar of Trog.
   182 | D        | Found a hide-covered altar of Uskayaw.
   183 | D        | Found a radiant altar of Vehumet.
   184 | D        | Found an ornate altar of the Wu Jian Council.
   185 | D        | Found a shimmering altar of Xom.
   186 | D        | Found a basalt altar of Yredelemnul.
   187 | D        | Found a glowing silver altar of Zin.
   188 | D        | Found a glowing golden altar of the Shining One.
   208 | D        | Got the +2 dire flail "Basogix" {flame, rElec}
   251 | D        | Noticed a wraith
   251 | D        | Noticed a two-headed ogre
   251 | D        | Noticed a wraith
   251 | D        | Noticed a wraith
   256 | D        | Killed a wraith
   257 | D        | Reached skill level 10 in Maces & Flails
   257 | D        | Reached XP level 7. HP: 64/74 MP: 6/6
   266 | D        | Killed a wraith
   270 | D        | Killed a two-headed ogre
   271 | D        | Reached XP level 8. HP: 15/86 MP: 7/7
   281 | D        | Reached skill level 10 in Armour
   504 | D        | Noticed a green ugly thing
   504 | D        | Noticed a two-headed ogre
   504 | D        | Noticed a centaur warrior
   504 | D        | Noticed a manticore
   509 | D        | Killed a manticore
   513 | D        | Killed a centaur warrior
   514 | D        | Reached skill level 15 in Fighting
   514 | D        | Reached XP level 9. HP: 55/97 MP: 8/8
   518 | D        | Killed a two-headed ogre
   519 | D        | Reached skill level 15 in Maces & Flails
   528 | D        | Killed a green ugly thing
   529 | D        | Reached skill level 10 in Dodging
   800 | D        | Gained mutation: Your muscles are strong. (Str +4, Int/Dex
                  | -1) [potion of mutation]
   800 | D        | Gained mutation: Your spells are a little harder to cast,
                  | but a little more powerful. [potion of mutation]
   801 | D        | Lost mutation: Your muscles are strong. (Str +4, Int/Dex
                  | -1) [potion of mutation]
   801 | D        | Lost mutation: Your spells are a little harder to cast, but
                  | a little more powerful. [potion of mutation]
   801 | D        | Gained mutation: You have a somewhat thin skeletal
                  | structure. (Dex +2, Stealth+) [potion of mutation]
   801 | D        | Gained mutation: Your magical capacity is low. (-10% MP)
                  | [potion of mutation]
   801 | D        | Gained mutation: Your magical capacity is very low. (-20%
                  | MP) [potion of mutation]
   801 | D        | Gained mutation: Your flesh is heat resistant. (rF+)
                  | [potion of mutation]
   802 | D        | Lost mutation: You have a somewhat thin skeletal structure.
                  | (Dex +2, Stealth+) [potion of mutation]
   802 | D        | Lost mutation: Your magical capacity is very low. (-20% MP)
                  | [potion of mutation]
   802 | D        | Gained mutation: You have a pair of large horns on your
                  | head. [potion of mutation]
   802 | D        | Gained mutation: You are somewhat resistant to further
                  | mutation. [potion of mutation]
   812 | D        | Noticed a black mamba
   812 | D        | Noticed a cane toad
   812 | D        | Noticed a cane toad
   812 | D        | Noticed a komodo dragon
   814 | D        | Noticed an eight-headed hydra
   820 | D        | Killed a komodo dragon
   821 | D        | Reached XP level 10. HP: 108/108 MP: 8/8
   821 | D        | Killed a cane toad
   826 | D        | Killed a cane toad
   829 | D        | Killed an eight-headed hydra
   838 | D        | Killed a black mamba
   983 | D        | Noticed a skyshark
   990 | D        | Killed a skyshark
   991 | D        | Noticed a cane toad
  1013 | D        | Killed a cane toad
  1014 | D        | Reached XP level 11. HP: 108/121 MP: 8/8
  1063 | D        | Noticed a lindwurm
  1063 | D        | Noticed a lindwurm
  1073 | D        | Killed a lindwurm
  1087 | D        | Killed a lindwurm
  1379 | D        | Noticed Psyche
  1388 | D        | Killed Psyche
  1484 | D        | Noticed an ettin
  1497 | D        | Killed an ettin
  1568 | D        | Noticed an orc knight
  1576 | D        | Noticed an orc knight
  1578 | D        | Noticed an orc knight
  1621 | D        | Found Tuistras's General Store.
  1621 | D        | Noticed an ogre mage
  1621 | D        | Noticed a deep troll
  1621 | D        | Noticed a deep troll
  1621 | D        | Noticed an ogre mage
  1621 | D        | Noticed a deep troll
  1622 | D        | Killed an ogre mage
  1623 | D        | Found Dahe's Antique Weapon Shop.
  1625 | D        | Found Iqoiniun's Weapon Boutique.
  1627 | D        | Noticed a deep troll
  1629 | D        | Found Kihaeguy's Assorted Antiques.
  1631 | D        | Noticed a deep troll
  1634 | D        | Noticed an ogre mage
  1635 | D        | Noticed an ogre mage
  1638 | D        | Killed an ogre mage
  1678 | D        | Bought a potion of heal wounds for 65 gold pieces
  1684 | D        | Bought a potion of heal wounds for 90 gold pieces
  1684 | D        | Bought a box of beasts for 720 gold pieces
  1753 | D        | Noticed Grum
  1760 | D        | Killed Grum
  1761 | D        | Reached skill level 15 in Armour
  1893 | D        | Noticed a brown ugly thing
  1893 | D        | Noticed a red ugly thing
  1893 | D        | Noticed a harpy
  1893 | D        | Noticed a centaur warrior
  1893 | D        | a harpy changed into an entropy weaver
  1893 | D        | Noticed an entropy weaver (shapeshifter)
  1898 | D        | an entropy weaver changed into a meliai
  1908 | D        | Noticed a brown very ugly thing
  1909 | D        | Noticed a glowing orange brain
  1910 | D        | Noticed a hell knight
  1913 | D        | Killed a white ugly thing
  1916 | D        | Killed a brown very ugly thing
  1919 | D        | Killed a red ugly thing
  1920 | D        | Reached XP level 12. HP: 127/136 MP: 9/9
  1921 | D        | Noticed a frost giant
  1985 | D        | Noticed Rupert
  2061 | D        | Noticed an anaconda
  2061 | D        | Noticed a naga warrior
  2063 | D        | Noticed a naga warrior
  2074 | D        | Killed an anaconda
  2091 | D        | Killed a naga warrior
  2149 | D        | Noticed a merfolk aquamancer
  2149 | D        | Noticed an alligator snapping turtle
  2154 | D        | Noticed a merfolk impaler
  2158 | D        | Killed a merfolk impaler
  2163 | D        | Killed an alligator snapping turtle
  2167 | D        | Killed a merfolk aquamancer
  2410 | D        | Noticed an entropy weaver
  2410 | D        | Noticed a spark wasp
  2413 | D        | Killed a spark wasp
  2423 | D        | Reached skill level 15 in Dodging
  2427 | D        | Killed a ghost moth
  2428 | D        | Killed an entropy weaver
  2562 | D        | Bought the +2 cloak of Maysyg {Int+4} for 388 gold pieces
  2577 | D        | Noticed an alligator
  2577 | D        | Noticed a six-headed hydra
  2581 | D        | Killed a six-headed hydra
  2581 | D        | Noticed a four-headed hydra
  2582 | D        | Noticed a seven-headed hydra
  2583 | D        | Noticed a bunyip
  2585 | D        | Killed an alligator
  2593 | D        | Reached XP level 13. HP: 133/148 MP: 10/10
  2597 | D        | Killed a bunyip
  2715 | D        | Noticed Frances
  2732 | D        | Noticed Azrael
  2794 | D        | Noticed an ettin
  2800 | D        | Killed an ettin
  2806 | D        | Noticed a fire dragon
  2813 | D        | Killed a fire dragon
  2815 | D        | Noticed a spark wasp
  2820 | D        | Noticed a fire dragon
  2822 | D        | Noticed a brown very ugly thing
  2831 | D        | Killed a spark wasp
  2836 | D        | Killed a brown very ugly thing
  2844 | D        | Killed a fire dragon
  2848 | D        | Noticed a stone giant
  3032 | D        | Bought a scroll of enchant weapon for 105 gold pieces
  3035 | D        | Bought the +1 pair of boots of Foolhardiness {Contam rPois
                  | rF+++ Dex+4} for 936 gold pieces
  3035 | D        | Bought the +0 pair of fencer's gloves {Riposte Dex+3} for
                  | 640 gold pieces
  3035 | D        | Found the +0 pair of fencer's gloves {Riposte Dex+3}
  3035 | D        | Bought the +2 cloak of Day {Regen+ Str-5 Int+2} for 243
                  | gold pieces
  3087 | D        | Noticed a vault warden
  3087 | D        | Noticed a vault warden
  3089 | D        | Noticed a vault warden
  3091 | D        | Noticed a vault warden
  3092 | D        | Noticed a purple very ugly thing
  3092 | D        | Killed a purple very ugly thing
  3104 | D        | Noticed a sphinx
  3105 | D        | Noticed a vault warden
  3108 | D        | Noticed a vault warden
  3111 | D        | Noticed a cyan very ugly thing
  3121 | D        | Killed a cyan very ugly thing
  3296 | D        | Got the +3 plate armour "Ilemoseh" {rElec Regen+ MP+9
                  | Int-4}
  3417 | D        | Noticed Boris
  3480 | D        | Noticed a merfolk javelineer
  3481 | D        | Noticed Ilsuiw
  3486 | D        | Noticed a merfolk javelineer
  3487 | D        | Killed a merfolk javelineer
  3489 | D        | Noticed a merfolk impaler
  3491 | D        | Killed a merfolk impaler
  3504 | D        | Got a barnacled rune of Zot
  3516 | D        | Bought a lightning rod (4/4) for 360 gold pieces
  3516 | D        | Bought a potion of mutation for 96 gold pieces
  3516 | D        | Lost mutation: Your flesh is heat resistant. (rF+) [potion
                  | of mutation]
  3516 | D        | Lost mutation: Your magical capacity is low. (-10% MP)
                  | [potion of mutation]
  3516 | D        | Gained mutation: You are partially covered in iridescent
                  | scales. (AC +2) [potion of mutation]
  3516 | D        | Lost mutation: You are somewhat resistant to further
                  | mutation. [potion of mutation]
  3544 | D        | Noticed a nagaraja
  3544 | D        | Noticed a nagaraja
  3544 | D        | Noticed a nagaraja
  3545 | D        | Noticed a nagaraja
  3549 | D        | Killed a nagaraja
  3552 | D        | Noticed a nagaraja
  3553 | D        | Noticed a nagaraja
  3565 | D        | Noticed an emperor scorpion
  3565 | D        | Noticed an emperor scorpion
  3569 | D        | Noticed an emperor scorpion
  3572 | D        | Noticed an emperor scorpion
  3573 | D        | Killed an emperor scorpion
  3578 | D        | Killed an emperor scorpion
  3583 | D        | Killed an emperor scorpion
  3586 | D        | Noticed an emperor scorpion
  3589 | D        | Killed an emperor scorpion
  3592 | D        | Reached XP level 14. HP: 157/165 MP: 13/13
  3596 | D        | Noticed an emperor scorpion
  3603 | D        | Killed an emperor scorpion
  3608 | D        | Killed an emperor scorpion
  3615 | D        | Got a gossamer rune of Zot
  3736 | D        | Got a serpentine rune of Zot
  3806 | D        | Reached skill level 27 in Fighting
  3808 | D        | Reached skill level 27 in Maces & Flails
  3819 | D        | Got a decaying rune of Zot
  3877 | D        | Noticed Jory
  3902 | D        | Noticed Mara
  3906 | D        | Killed a vault warden
  3909 | D        | Your ally Frances died
  3913 | D        | Killed Azrael
  3945 | D        | Killed a sphinx
  3981 | D        | Noticed a frost giant
  3981 | D        | Noticed a stone giant
  3985 | D        | Noticed a fire giant
  3986 | D        | Noticed a sphinx
  3986 | D        | Killed a sphinx
  3987 | D        | Killed a fire giant
  3987 | D        | Noticed a shadow dragon
  3989 | D        | Noticed a shadow dragon
  3995 | D        | Killed a shadow dragon
  4000 | D        | Killed a shadow dragon
  4002 | D        | Killed a stone giant
  4157 | D        | Killed a nagaraja
  4175 | D        | Killed a nagaraja
  4308 | D        | Noticed an ancient lich
  4308 | D        | Noticed a quicksilver dragon
  4308 | D        | Noticed a shadow dragon
  4308 | D        | Noticed a shadow dragon
  4308 | D        | Noticed a sphinx
  4309 | D        | Noticed a shadow dragon
  4310 | D        | Noticed a shadow dragon
  4315 | D        | Killed a shadow dragon
  4333 | D        | Killed a shadow dragon
  4338 | D        | Killed an ancient lich
  4463 | D        | Killed Boris
  4480 | D        | Killed a nagaraja
  4526 | D        | Killed Ilsuiw
  4530 | D        | Killed a vault warden
  4735 | D        | Noticed a quicksilver dragon
  4737 | D        | Killed a quicksilver dragon
  4745 | D        | Killed a shadow dragon
  4753 | D        | Killed a shadow dragon
  4754 | D        | Reached skill level 5 in Throwing
  4757 | D        | Killed a quicksilver dragon
  4776 | D        | Got a silver rune of Zot
  4791 | D        | Noticed a tengu reaver
  4792 | D        | Noticed a tengu reaver
  4793 | D        | Noticed Sojobo
  4796 | D        | Killed a tengu reaver
  4798 | D        | Killed a tengu reaver
  4801 | D        | Paralysed by an air elemental for 1 turns
  4808 | D        | Your ally Jory died
  4827 | D        | Killed Sojobo
  4965 | D        | Got the amulet of Nalu {rElec Regen+}
  4967 | D        | Got the ring "Ziovaet" {rElec rPois rF+ Slay+2 Stlth-}
  4969 | D        | Got the ring of Elyvilon's Delight {AC+3 Str+3 Stlth+}
  4971 | D        | Got the ring of Youthful Indiscretion {Fly rN+ rCorr}
  4973 | D        | Got the ring "Kolodd" {Will+ Str+3 Int+3 Slay+2}
  5088 | D        | Noticed Frederick
  5099 | D        | Killed Frederick
  5100 | D        | Reached skill level 10 in Throwing
  5115 | D        | Noticed Margery
  5128 | D        | Killed Margery
  5129 | D        | Reached XP level 15. HP: 172/174 MP: 14/14
  5181 | D        | Noticed a frost giant
  5183 | D        | Noticed a caustic shrike
  5189 | D        | Noticed a fire giant
  5192 | D        | Killed a frost giant
  5206 | D        | Killed a caustic shrike
  5212 | D        | Killed a fire giant
  5238 | D        | Bought a scorched plate armour for 728 gold pieces
  5238 | D        | Identified the +0 plate armour of the Beggar {Slay+6} (You
                  | bought it in a shop in the Dungeon)
  5259 | D        | Noticed a bone dragon
  5274 | D        | Killed a bone dragon
  5275 | D        | Reached skill level 15 in Throwing
  5356 | D        | Noticed a black draconian knight
  5356 | D        | Noticed a green draconian monk
  5368 | D        | Killed a green draconian monk
  5373 | D        | Killed a black draconian knight
  5435 | D        | Noticed a storm dragon
  5435 | D        | Noticed a black draconian knight
  5439 | D        | Noticed a tentacled monstrosity
  5441 | D        | Killed a black draconian knight
  5442 | D        | Noticed a quicksilver dragon
  5447 | D        | Killed a storm dragon
  5451 | D        | Killed a tentacled monstrosity
  5464 | D        | Killed a quicksilver dragon
  5510 | D        | Noticed a storm dragon
  5527 | D        | Noticed a quicksilver dragon
  5533 | D        | Killed a storm dragon
  5544 | D        | Reached XP level 16. HP: 131/183 MP: 15/15
  5544 | D        | Killed a quicksilver dragon
  5571 | D        | Noticed a storm dragon
  5571 | D        | Noticed a death cob
  5571 | D        | Noticed a golden dragon
  5571 | D        | Noticed a golden dragon
  5573 | D        | Killed a golden dragon
  5576 | D        | Noticed a storm dragon
  5577 | D        | Killed a golden dragon
  5585 | D        | Killed a death cob
  5592 | D        | Killed a storm dragon
  5603 | D        | Killed a storm dragon
  5604 | D        | Reached skill level 27 in Armour
  5604 | D        | Your ally Mara died
  5722 | D        | Noticed an Orb Guardian
  5722 | D        | Noticed an Orb Guardian
  5722 | D        | Noticed an Orb Guardian
  5722 | D        | Noticed an Orb Guardian
  5722 | D        | Noticed an Orb Guardian
  5722 | D        | Noticed an Orb Guardian
  5724 | D        | Killed an Orb Guardian
  5726 | D        | Killed an Orb Guardian
  5729 | D        | Killed an Orb Guardian
  5737 | D        | Killed an Orb Guardian
  5738 | D        | Noticed an Orb Guardian
  5741 | D        | Killed an Orb Guardian
  5747 | D        | Killed an Orb Guardian
  5748 | D        | Noticed an Orb Guardian
  5750 | D        | Killed an Orb Guardian
  5751 | D        | Reached skill level 27 in Dodging
  5751 | D        | Noticed an Orb Guardian
  5752 | D        | Noticed an Orb Guardian
  5753 | D        | Killed an Orb Guardian
  5757 | D        | Killed an Orb Guardian
  5761 | D        | Killed an Orb Guardian
  5789 | D        | Noticed a storm dragon
  5789 | D        | Noticed an Orb Guardian
  5789 | D        | Noticed an Orb Guardian
  5789 | D        | Noticed a storm dragon
  5789 | D        | Noticed a golden dragon
  5793 | D        | Killed a golden dragon
  5793 | D        | Noticed an Orb Guardian
  5796 | D        | Noticed an Orb Guardian
  5798 | D        | Killed a storm dragon
  5805 | D        | Killed an Orb Guardian
  5812 | D        | Killed an Orb Guardian
  5821 | D        | Killed a storm dragon
  5829 | D        | Killed an Orb Guardian
  5836 | D        | Killed an Orb Guardian
  5872 | D        | Bought an ichor-stained plate armour for 784 gold pieces
  5872 | D        | Identified the +5 plate armour "Ikui" {rF+ Int-4 Dex+2}
                  | (You bought it in a shop in the Dungeon)
  5882 | D        | Noticed an ancient lich
  5890 | D        | Killed an ancient lich
  5891 | D        | Reached skill level 27 in Throwing
  5894 | D        | Noticed an orb of fire
  5896 | D        | Gained mutation: Your body sometimes deteriorates upon
                  | taking damage. [an orb of fire]
  5904 | D        | Killed an orb of fire
  5905 | D        | Reached skill level 1 in Evocations
  5909 | D        | Noticed an electric golem
  5916 | D        | Killed an electric golem
  5923 | D        | Noticed an orb of fire
  5923 | D        | Noticed a storm dragon
  5923 | D        | Noticed a Killer Klown
  5923 | D        | Noticed an orb of fire
  5923 | D        | Noticed a quicksilver dragon
  5924 | D        | Noticed a golden dragon
  5925 | D        | Noticed an orb of fire
  5930 | D        | Gained mutation: Your spells are a little easier to cast,
                  | but a little less powerful. [an orb of fire]
  5939 | D        | Gained mutation: You are clumsy. (Dex -2) [an orb of fire]
  5940 | D        | Killed an orb of fire
  5944 | D        | Noticed a Killer Klown
  5947 | D        | Gained mutation: You have hidden genetic defects. [an orb
                  | of fire]
  5949 | D        | Noticed a shadow dragon
  5957 | D        | Killed a Killer Klown
  5958 | D        | Reached XP level 17. HP: 107/191 MP: 16/16
  5996 | D        | Gained mutation: You are resistant to electric shocks.
                  | (rElec) [an orb of fire]
  5997 | D        | Killed an orb of fire
  5997 | D        | Lost mutation: You have a pair of large horns on your head.
                  | [an orb of fire]
  6003 | D        | Killed a quicksilver dragon
  6009 | D        | Killed a golden dragon
  6010 | D        | Reached skill level 15 in Stealth
  6033 | D        | Gained mutation: You occasionally lose the ability to drink
                  | potions when taking damage. [an orb of fire]
  6037 | D        | Killed an orb of fire
  6039 | D        | Gained mutation: You occasionally lose the ability to read
                  | scrolls when taking damage. [hidden defects]
  6048 | D        | Noticed an ancient lich
  6061 | D        | Killed an ancient lich
  6067 | D        | Killed a Killer Klown
  6093 | D        | Noticed a Killer Klown
  6105 | D        | Killed a Killer Klown
  6155 | D        | Noticed an Orb Guardian
  6155 | D        | Noticed an Orb Guardian
  6155 | D        | Noticed an Orb Guardian
  6155 | D        | Noticed an Orb Guardian
  6155 | D        | Noticed an Orb Guardian
  6155 | D        | Noticed an Orb Guardian
  6157 | D        | Killed an Orb Guardian
  6164 | D        | Killed an Orb Guardian
  6168 | D        | Killed an Orb Guardian
  6170 | D        | Gained mutation: You sometimes lose the ability to drink
                  | potions when taking damage. [hidden defects]
  6170 | D        | Lost mutation: You have hidden genetic defects. [hidden
                  | defects expressed]
  6171 | D        | Killed an Orb Guardian
  6173 | D        | Noticed an Orb Guardian
  6174 | D        | Killed an Orb Guardian
  6178 | D        | Killed an Orb Guardian
  6181 | D        | Noticed an Orb Guardian
  6182 | D        | Noticed an Orb Guardian
  6186 | D        | Killed an Orb Guardian
  6187 | D        | Noticed an Orb Guardian
  6190 | D        | Killed an Orb Guardian
  6194 | D        | Killed an Orb Guardian
  6195 | D        | Noticed an Orb Guardian
  6197 | D        | Noticed an Orb Guardian
  6202 | D        | Killed an Orb Guardian
  6208 | D        | Killed an Orb Guardian
  6212 | D        | Killed an Orb Guardian
  6358 | D        | Noticed an ancient lich
  6358 | D        | Noticed an ancient lich
  6358 | D        | Noticed an ancient lich
  6447 | D        | Noticed a deep elf blademaster
  6447 | D        | Noticed a deep elf blademaster
  6447 | D        | Noticed a deep elf master archer
  6448 | D        | Noticed a deep elf blademaster
  6450 | D        | Your ally spriggan baker died
  6452 | D        | Killed a deep elf master archer
  6452 | D        | Killed a deep elf blademaster
  6453 | D        | Noticed a deep elf master archer
  6456 | D        | Noticed a deep elf master archer
  6456 | D        | Noticed an Ice Fiend
  6460 | D        | Killed a deep elf blademaster
  6478 | D        | Killed a deep elf master archer
  6485 | D        | Killed a deep elf master archer
  6542 | D        | Got an elven rune of Zot
  6550 | D        | Noticed an acid blob
  6550 | D        | Noticed an acid blob
  6550 | D        | Noticed an acid blob
  6551 | D        | Noticed an acid blob
  6554 | D        | Killed an acid blob
  6555 | D        | Noticed an acid blob
  6561 | D        | Killed an acid blob
  6565 | D        | Noticed the Royal Jelly
  6574 | D        | Killed an acid blob
  6580 | D        | Killed an acid blob
  6581 | D        | Reached skill level 27 in Stealth
  6581 | D        | Reached skill level 5 in Evocations
  6586 | D        | Killed an acid blob
  6587 | D        | Noticed an acid blob
  6590 | D        | Reached XP level 18. HP: 69/200 MP: 17/17
  6591 | D        | HP: 8/200 [acid (6)]
  6592 | D        | Slain by an azure jelly

Illustrated notes

Levels and vault maps discovered:
D:        linesprint [early_d, line_temple, items_1, d_10, items_2, lair_1,
          lair_end, items_3, orc_1, orc_end, items_4, d_15, swamp_1, shoals_1,
          snake_1, spider_1, d_20, vaults_1, items_5, swamp_end, shoals_end,
          snake_end, spider_end, vaults_end, d_27, items_6, zot_1, zot_end,
          crypt_end, forest_end, elf_end, slime_end, tomb_end, abyss_end,
          pan_hell_end]

Skill      XL: |  1  2  3  4  5  6  7  8  9 10 11 12 13 14 15 16 17 |
---------------+----------------------------------------------------+-----
Fighting       | 7 8 10 11 13 15 16 18 21 23 26 27 | 27.0
Maces & Flails | 6 7 9 10 13 14 16 18 20 23 26 27 | 27.0
Dodging        | 3 4 5 6 8 9 10 12 13 15 17 22 25 27 | 27.0
Armour         | 5 6 7 8 9 11 12 13 15 17 19 23 26 27 | 27.0
Throwing       | 11 19 27 | 27.0
Stealth        | 13 27 | 27.0
Evocations     | 2 7 |  7.8
Shields        | |  3.6

Action                     |  1- 3 |  4- 6 |  7- 9 | 10-12 | 13-15 | 16-18 || total
---------------------------+-------+-------+-------+-------+-------+-------++-------
  Melee: Flail             |    17 |    21 |       |       |       |       ||    38
         Headbutt          |     5 |     5 |    17 |    45 |    90 |   120 ||   282
         Dire flail        |       |     5 |    55 |   127 |       |       ||   187
         Great mace        |       |       |       |    76 |   336 |   367 ||   779
  Throw: Javelin           |       |       |       |       |       |     1 ||     1
 Invoke: Bribe Branch      |       |       |       |     1 |     2 |     1 ||     4
         Call Merchant     |       |       |       |     1 |     6 |     1 ||     8
         Potion Petition   |       |       |       |       |       |     2 ||     2
  Evoke: Piece from Xom's  |       |       |       |       |     1 |       ||     1
    Use: Potion            |       |       |     4 |       |     4 |     5 ||    13
         Scroll            |       |       |     4 |     4 |     5 |       ||    13
   Stab: Distracted        |       |       |     1 |     8 |     7 |    11 ||    27
         Sleeping          |       |       |       |       |       |     3 ||     3
 Armour: Scale mail        |     7 |     6 |       |       |       |       ||    13
         Chain mail        |       |     1 |    17 |    50 |       |       ||    68
         Plate armour      |       |       |       |    32 |   162 |   110 ||   304
  Dodge: Dodged            |     5 |    12 |    26 |    84 |   244 |   186 ||   557
  Block: Buckler           |     3 |     4 |       |       |       |       ||     7
Riposte: Great mace        |       |       |       |       |    32 |    34 ||    66

Table legend: (Time is in decaauts)
 A = Elapsed time spent in this place.
 B = Non-inter-level travel time spent in this place.
 C = Inter-level travel time spent in this place.
 D = Time resting spent in this place.
 E = Time spent auto-exploring this place.
 F = Levels seen in this place.
 G = Mean time per level.
                   A        B        C        D        E       F      G
               +--------+--------+--------+--------+--------+-----+--------+
         Total |   6310 |   6105 |    205 |   1155 |   2408 |   1 | 6310.0 |
       Dungeon |   6310 |   6105 |    205 |   1155 |   2408 |   1 | 6310.0 |
               +--------+--------+--------+--------+--------+-----+--------+

Top non-repeatable levels by time:
       D: 6310 daAuts
